 Dungeon Crawl Stone Soup version 0.29-a0-613-gf2c431b9b9 (webtiles) character file.

Game seed: 7171916536593843417

5 DocClef the Skirmisher (level 1, -1/20 HPs)
             Began as a Draconian Fighter on June 16, 2022.
             Slain by a hobgoblin (2 damage)
             ... on level 1 of the Dungeon.
             The game lasted 00:00:13 (36 turns).

DocClef the Skirmisher (Draconian Fighter)            Turns: 36, Time: 00:00:13

Health: -1/20      AC:  4    Str: 18    XL:     1   Next: 66%
Magic:  1/1        EV: 11    Int:  8    God:
Gold:   0          SH:  4    Dex: 10    Spells: 0/0 levels left

rFire   . . .      SeeInvis .   a - +0 war axe
rCold   . . .      Faith    .   b - +0 buckler
rNeg    . . .      Spirit   .   (body armour unavailable)
rPois   .          Reflect  .   (helmet restricted)
rElec   .          Harm     .   (no cloak)
rCorr   .          Rampage  .   (no gloves)
Will    .....                   (no boots)
Stlth   +.........              (no amulet)
HPRegen 0.06/turn               (no ring)
MPRegen 0.07/turn               (no ring)

@: no status effects
A: AC +4, unfitting armour, cold-blooded
a: no special abilities


You were on level 1 of the Dungeon.
You visited 1 branch of the dungeon, and saw 1 of its levels.

Inventory:

Hand Weapons
 a - a +0 war axe (weapon)
Armour
 b - a +0 buckler (worn)
Potions
 c - a potion of might


   Skills:
 + Level 3.7 Fighting
 - Level 2.0 Axes
 - Level 2.6 Dodging
 - Level 3.0 Shields


You couldn't memorise any spells.
You didn't know any spells.
Your spell library was empty.

Dungeon Overview and Level Annotations

Branches:
Dungeon (1/15)

Altars:


Innate Abilities, Weirdness & Mutations

Your plain brown scales are hard. (AC +4)
You cannot fit into any form of body armour.
You are cold-blooded and may be slowed by cold attacks.


Message History

Items here: ( )) [ †††.
You hit the rat.
You kill the rat!
You block the ball python's attack. The ball python grabs you.
The ball python constricts you.
* * * LOW HITPOINT WARNING * * *
You closely miss the ball python.
A hobgoblin comes into view.
The ball python barely misses you. The ball python constricts you.
You closely miss the ball python.
The hobgoblin shouts!
The ball python bites you but does no damage.
The ball python constricts you. You block the ball python's attack.
The ball python constricts you.
You completely miss the ball python. You barely miss the hobgoblin.
You block the ball python's attack. The ball python constricts you.
The hobgoblin hits you.
* * * LOW HITPOINT WARNING * * *
The ball python closely misses you. The ball python constricts you.
You closely miss the hobgoblin.
You tail-slap the hobgoblin, but do no damage.
You closely miss the ball python. The hobgoblin misses you.
The ball python barely misses you. The ball python constricts you.
The hobgoblin barely misses you.
You escape the ball python's grasp.
You hit the ball python.
The ball python is severely wounded.
You block the ball python's attack. The ball python grabs you.
The ball python constricts you. The ball python closely misses you.
The ball python constricts you.
You slash the ball python!
You kill the ball python!
The hobgoblin barely misses you.
You hit the hobgoblin.
The hobgoblin is heavily wounded.
The hobgoblin hits you but does no damage.
You barely miss the hobgoblin.
The hobgoblin is heavily wounded.
You block the hobgoblin's attack. The hobgoblin hits you.
You die...

#... #......#.
... #.......#
#.###'####
##.##.....#
#...'..<..#
#...'.....#
#$..#######
#..## #@## #g#
..:....†.......
##.........####
#.........#
#.........#
#.........#
#.........#
#.........#


You could see a hobgoblin.

Vanquished Creatures
  2 ball pythons (D:1)
  A goblin (D:1)
  A kobold (D:1)
  2 rats (D:1)
6 creatures vanquished.

Notes
Turn   | Place    | Note
-------+----------+-------------------------------------------
     0 | D:1      | DocClef the Draconian Fighter began the quest for the Orb.
     0 | D:1      | Reached XP level 1. HP: 19/19 MP: 1/1
    30 | D:1      | HP: 1/20 [hobgoblin (2)]
    36 | D:1      | Slain by a hobgoblin

Illustrated notes

Levels and vault maps discovered:
D:1:      dpeg_arrival_houses_and_road, layout_basic

Action                   || total
-------------------------++-------
Melee: War axe           ||    21
       Tailslap          ||     1
Armor: Skin              ||     6
Dodge: Dodged            ||    12
Block: Buckler           ||     9

Table legend: (Time is in decaauts)
 A = Elapsed time spent in this place.
 B = Non-inter-level travel time spent in this place.
 C = Inter-level travel time spent in this place.
 D = Time resting spent in this place.
 E = Time spent auto-exploring this place.
 F = Levels seen in this place.
 G = Mean time per level.
                   A        B        C        D        E       F      G
               +--------+--------+--------+--------+--------+-----+--------+
         Total |     44 |     44 |      0 |      0 |      9 |   1 |   44.0 |
       Dungeon |     44 |     44 |      0 |      0 |      9 |   1 |   44.0 |
               +--------+--------+--------+--------+--------+-----+--------+

Top non-repeatable levels by time:
     D:1: 44 daAuts
